 Dungeon Sprint DCSS version 0.27-a0-1116-g91b3acb402 (webtiles) character file.

Game seed: 3509729268988238817

35 mhtbhm the Firebug (level 3, -2/19 HPs)
             Began as a Deep Elf Fire Elementalist on May 2, 2021.
             Slain by a scorpion (8 damage)
             ... in the Dungeon (Sprint IV: "Fedhas' Mad Dash").
             The game lasted 00:00:46 (237 turns).

mhtbhm the Firebug (Deep Elf Fire Elementalist)      Turns: 237, Time: 00:00:46

Health: -2/19      AC:  2    Str:  5    XL:     3   Next: 16%
Magic:  6/11       EV: 13    Int: 20    God:
Gold:   0          SH:  0    Dex: 15    Spells: 4/11 levels left

rFire    . . .     SeeInvis .   (no weapon)
rCold    . . .     Faith    .   (no shield)
rNeg     . . .     Spirit   .   a - +0 robe
rPois    .         Reflect  .   (no helmet)
rElec    .         Harm     .   (no cloak)
rCorr    .         Rampage  .   (no gloves)
Will     .....     NoTele   +   (no boots)
Stlth    ++........             (no amulet)
HPRegen  0.06/turn              (no ring)
MPRegen  0.12/turn              (no ring)

@: no status effects
A: no striking features
a: no special abilities


You were in the Dungeon.
You visited 1 branch

Inventory:

Armour
 a - a +0 robe (worn)
Scrolls
 h - a scroll of blinking
Potions
 d - a potion of heal wounds
 e - a potion of haste
 f - 2 potions of magic


   Skills:
 + Level 0.1 Fighting
 + Level 3.5 Dodging
 + Level 3.2 Stealth
 + Level 4.6 Spellcasting
 + Level 1.6 Conjurations
 + Level 6.1 Fire Magic


You had 4 spell levels left.
You knew the following spells:

 Your Spells              Type           Power      Damage    Failure   Level
a - Foxfire               Conj/Fire      80%        2x1d8     2%          1
b - Conjure Flame         Conj/Fire      20%        6-21      7%          3
c - Inner Flame           Hex/Fire       17%        N/A       10%         3

Your spell library contained the following spells:

 Spells                   Type           Power      Damage    Failure   Level
 Sticky Flame             Conj/Fire      20%        2d4       24%         4
 Fireball                 Conj/Fire      10%        3d6       54%         5


Dungeon Overview and Level Annotations

Branches:
Dungeon (1/1)

Altars:


Message History

You feel very sick. The scorpion barely misses you.
Unknown command.
Casting: Foxfire (safe; 2% risk of failure)
Confirm with . or Enter, or press ? or * to list all spells.
You conjure some foxfire!
You feel sick.
The foxfire hits the scorpion.
The scorpion is moderately wounded.
The scorpion stings you.
You are more poisoned.
The scorpion poisons you!
You feel better.
The scorpion stings you but does no damage.
Unknown command.
Casting: Foxfire (safe; 2% risk of failure)
Confirm with . or Enter, or press ? or * to list all spells.
You conjure some foxfire!
The scorpion stings you.
Unknown command.
Your foxfire dissipates! x2
The foxfire hits the scorpion but does no damage.
The scorpion is moderately wounded.
The scorpion misses you.
Unknown command.
Unknown command.
Casting: Foxfire (safe; 2% risk of failure)
Confirm with . or Enter, or press ? or * to list all spells.
You conjure some foxfire!
The scorpion stings you.
Your foxfire dissipates!
The foxfire hits the scorpion but does no damage.
The scorpion is moderately wounded.
There is an open door here.
Casting: Foxfire (safe; 2% risk of failure)
Confirm with . or Enter, or press ? or * to list all spells.
You conjure some foxfire!
The scorpion closely misses you.
Your foxfire dissipates!
The foxfire hits the scorpion but does no damage.
The scorpion is moderately wounded.
Casting: Foxfire (safe; 2% risk of failure)
Confirm with . or Enter, or press ? or * to list all spells.
You conjure some foxfire!
The scorpion stings you. The scorpion stings you!
You die...

##################
#<...#...v.#.$$$$#
#PP..'.[.v@s.#:?.+
#PPPP#....ยง#.#"..#
###############+##


You could see a scorpion (ally target).

Vanquished Creatures
  An oklob sapling (D)
  A river rat (D)
  A rat (D)
3 creatures vanquished.

Vanquished Creatures (collateral kills)
  3 foxfires (D)
3 creatures vanquished.

Vanquished Creatures (others)
  14 foxfires (D)
  A fungus (D)
15 creatures vanquished.

Grand Total: 21 creatures vanquished

Notes
Turn   | Place    | Note
-------+----------+-------------------------------------------
     0 | D        | mhtbhm the Deep Elf Fire Elementalist began the quest for
                  | the Orb.
     0 | D        | Reached XP level 1. HP: 10/10 MP: 6/6
    19 | D        | Reached skill level 4 in Fire Magic
    19 | D        | Reached XP level 2. HP: 10/15 MP: 1/8
   173 | D        | Noticed an oklob sapling
   176 | D        | Killed an oklob sapling
   177 | D        | Reached skill level 6 in Fire Magic
   177 | D        | Reached XP level 3. HP: 19/19 MP: 6/11
   220 | D        | Learned a level 3 spell: Conjure Flame
   224 | D        | Learned a level 3 spell: Inner Flame
   227 | D        | Noticed a scorpion
   228 | D        | Found the amulet of invisibility {+Inv}
   237 | D        | Slain by a scorpion

Illustrated notes

Levels and vault maps discovered:
D:        dungeon_sprint_fedhas [sprint_temple]

Skill      XL: |  1  2 |
---------------+-------+-----
Fire Magic     | 4 6 |  6.1
Dodging        | 3 |  3.5
Stealth        | 3 |  3.2
Spellcasting   | 4 |  4.6
Fighting       | |  0.1
Conjurations   | |  1.6

Action                   || total
-------------------------++-------
Melee: Unarmed           ||     5
 Cast: Foxfire           ||    14
  Use: Potion            ||     2
Armor: Robe              ||     1
Dodge: Dodged            ||     4

Table legend: (Time is in decaauts)
 A = Elapsed time spent in this place.
 B = Non-inter-level travel time spent in this place.
 C = Inter-level travel time spent in this place.
 D = Time resting spent in this place.
 E = Time spent auto-exploring this place.
 F = Levels seen in this place.
 G = Mean time per level.
                   A        B        C        D        E       F      G
               +--------+--------+--------+--------+--------+-----+--------+
         Total |    249 |    249 |      0 |    195 |      0 |   1 |  249.0 |
       Dungeon |    249 |    249 |      0 |    195 |      0 |   1 |  249.0 |
               +--------+--------+--------+--------+--------+-----+--------+

Top non-repeatable levels by time:
       D: 249 daAuts
